 Dungeon Crawl Stone Soup version 0.20.1-1-g8b1a95d (webtiles) character file.

3063 Kingsmith the Thaumaturge (level 9, -1/54 HPs)
             Began as a Deep Elf Conjurer on Dec 11, 2017.
             Was a Believer of Sif Muna.
             Slain by an orc warrior
             ... wielding a +0 halberd
              (28 damage)
             ... on level 8 of the Dungeon.
             The game lasted 00:32:56 (8733 turns).

Kingsmith the Thaumaturge (Deep Elf Conjurer)       Turns: 8733, Time: 00:32:59

Health: -1/54      AC:  4    Str:  8    XL:     9   Next: 57%
Magic:  0/23       EV: 19    Int: 21    God:    Sif Muna [**....]
Gold:   236        SH:  0    Dex: 18    Spells: 7/25 levels left

rFire    . . .     SeeInvis +   I - +1 dagger "Heytt" {venom, rPois Dex+3 SInv}
rCold    . . .     Gourm    .   (no shield)
rNeg     . . .     Faith    .   a - +0 robe
rPois    +         Spirit   .   (no helmet)
rElec    .         Reflect  .   B - scarf {cloud immunity}
rCorr    +         Harm     .   z - +1 pair of gloves
MR       .....                  (no boots)
Stlth    ++........             (no amulet)
Regen    0.2/turn               y - +1 ring of evasion
MPRegen  0.2/turn               D - ring of resist corrosion

@: very slightly contaminated
A: no striking features
a: Divine Energy, Renounce Religion


You were on level 8 of the Dungeon.
You worshipped Sif Muna.
Sif Muna was pleased with you.
You were hungry.

You visited 2 branches of the dungeon, and saw 9 of its levels.

You collected 326 gold pieces.
You spent 90 gold pieces at shops.

Inventory:

Hand Weapons
 I - the +1 dagger "Heytt" (weapon) {venom, rPois Dex+3 SInv}
   (You found it on level 7 of the Dungeon)

   It poisons the flesh of those it strikes.
   It affects your dexterity (+3).
   It protects you from poison.
   It lets you see invisible.
Armour
 a - a +0 robe (worn)
 z - a +1 pair of gloves (worn)
 B - a scarf of cloud immunity (worn)
Jewellery
 y - a +1 ring of evasion (left hand)
 A - an uncursed amulet of regeneration {unknown}
 D - a ring of resist corrosion (right hand)
Wands
 i - a wand of lightning (10/15)
 l - a wand of lightning (9/15)
 E - a wand of flame (23/48)
Scrolls
 d - a scroll of blinking {unknown}
 e - 3 scrolls of recharging
 g - a scroll of fear {unknown}
 h - 2 scrolls of teleportation
 k - 2 scrolls of immolation
 n - a scroll of random uselessness {unknown}
 q - a scroll of remove curse
 v - a scroll of magic mapping
 C - a scroll of amnesia
 F - a scroll of holy word {unknown}
 J - 2 scrolls of enchant armour
Potions
 f - a potion of ambrosia
 m - 3 potions of curing
 p - a potion of magic
 r - a potion of brilliance
 s - a potion of mutation
 t - 2 potions of berserk rage
 u - 5 potions of agility
 H - 3 potions of cancellation
 K - 2 potions of haste
Books
 b - a book of Conjurations

   Spells                             Type                      Level
   a - Magic Dart                     Conjuration                  1
   b - Searing Ray                    Conjuration                  2
   c - Dazzling Spray                 Conjuration/Hexes            3
   d - Fulminant Prism                Conjuration/Hexes            4
   e - Force Lance                    Conjuration/Translocation    4
   f - Iskenderun's Mystic Blast      Conjuration                  4
Comestibles
 c - 4 bread rations
 j - 4 meat rations
 o - a royal jelly
 x - 3 fruits


   Skills:
 * Level 5.5 Fighting
 + Level 7.4 Dodging
 - Level 2.4 Stealth
 + Level 8.5 Spellcasting
 - Level 6.1 Conjurations
 - Level 6.1 Hexes
 - Level 5.0 Translocations


You had 7 spell levels left.
You knew the following spells:

 Your Spells              Type           Power        Failure   Level  Hunger
a - Magic Dart            Conj           ####         1%          1    None
b - Searing Ray           Conj           ####..       1%          2    None
c - Dazzling Spray        Conj/Hex       ####..       1%          3    None
d - Iskenderun's Mystic   Conj           ####....     6%          4    ###....
e - Force Lance           Conj/Tloc      ####....     8%          4    ###....
f - Fulminant Prism       Conj/Hex       ####......   6%          4    ###....


Dungeon Overview and Level Annotations

Branches:
Dungeon (8/15)             Temple (1/1) D:4            Lair (0/6) D:8

Altars:
Ashenzari
Dithmenos
Elyvilon
Fedhas
Gozag
Hepliaklqana
Kikubaaqudgha
Makhleb
Nemelex Xobeh
Okawaru
Qazlal
Ru
Sif Muna
Trog
Uskayaw
Vehumet
Xom
Yredelemnul
Zin
The Shining One

Shops:
D:5 *   D:6 :

Annotations:
D:8 Grum


Message History

The wolf bites you! The wolf bites you.
The searing ray hits the wolf.
The wolf is almost dead.
The searing ray misses the orc warrior.
You finish channeling your searing ray.
The wolf misses you.
Casting: Searing Ray
Confirm with . or Enter, or press ? or * to list all spells.
Aiming: Magic Dart
Press: ? - help, Shift-Dir - straight line, f/p - wolf
Aim: a wolf (almost dead)
The magic dart hits the wolf.
You kill the wolf!
Sif Muna accepts your kill.
You hit the orc warrior but do no damage.
The orc warrior is poisoned.
The orc warrior is heavily wounded.
You flicker back into view.
The orc warrior hits you with a halberd!!
Ouch! That really hurt!
You die...

####.#g..#########
########.# ....h....#
#........# .....###.#
#.########
.[...###.#### #.#
###...o.>...# #.#
######.##.# #.# #.##.#
#.# #.##.#########.#
#######.##....o@.....#
........##############
#########


You could see an orc warrior.

Vanquished Creatures
  Joseph (D:7)
  Grinder (D:3)
  Eustachio (D:5)
  2 ice beasts
  An orc warrior (D:6)
  An ogre (D:8)
  A wolf (D:8)
  2 centaurs (D:6)
  2 big kobolds
  3 bullfrogs
  A scorpion (D:4)
  3 killer bees (D:7)
  2 howler monkeys
  6 crimson imps
  A jelly (D:6)
  5 orc priests
  2 hounds
  9 orc wizards
  3 iguanas
  5 worker ants
  A killer bee zombie (D:7)
  A hound skeleton (D:4)
  A howler monkey zombie (D:3)
  A howler monkey skeleton (D:4)
  7 adders
  An ooze (D:1)
  An adder zombie (D:6)
  An adder skeleton (D:4)
  5 worms
  5 leopard geckos
  42 orcs
  9 bats
  6 giant cockroaches
  3 goblins
  9 hobgoblins
  8 jackals
  14 kobolds
  2 quokkas
  10 frilled lizards
  A leopard gecko skeleton (D:6)
  A leopard gecko zombie (D:5)
  5 rats
  A fulminant prism (D:3)
187 creatures vanquished.

Vanquished Creatures (others)
  11 fulminant prisms
11 creatures vanquished.

Grand Total: 198 creatures vanquished

Notes
Turn   | Place    | Note
-------+----------+-------------------------------------------
     0 | D:1      | Kingsmith the Deep Elf Conjurer began the quest for the Orb.
     0 | D:1      | Reached XP level 1. HP: 10/10 MP: 6/6
   264 | D:1      | Reached XP level 2. HP: 15/15 MP: 5/8
   267 | D:1      | Reached skill level 4 in Spellcasting
   293 | D:1      | Learned a level 2 spell: Searing Ray
   960 | D:2      | Reached XP level 3. HP: 19/19 MP: 3/11
  1082 | D:2      | Reached skill level 5 in Spellcasting
  1399 | D:2      | Learned a level 3 spell: Dazzling Spray
  1527 | D:3      | Noticed Grinder
  1616 | D:4      | Reached skill level 6 in Spellcasting
  1616 | D:4      | Reached XP level 4. HP: 24/24 MP: 3/14
  1720 | D:4      | Learned a level 4 spell: Iskenderun's Mystic Blast
  1725 | D:4      | Learned a level 4 spell: Force Lance
  1932 | D:4      | Found a staircase to the Ecumenical Temple.
  1947 | D:4      | Reached skill level 5 in Conjurations
  1960 | Temple   | Entered the Ecumenical Temple
  2010 | Temple   | Became a worshipper of Sif Muna the Loreminder
  2099 | D:4      | Reached skill level 1 in Hexes
  2099 | D:4      | Reached XP level 5. HP: 28/28 MP: 8/15
  3395 | D:5      | Entered Level 5 of the Dungeon
  3447 | D:5      | Noticed an ice beast
  3463 | D:5      | Killed an ice beast
  3463 | D:5      | Reached skill level 5 in Hexes
  3463 | D:5      | Reached XP level 6. HP: 3/32 MP: 3/17
  3647 | D:5      | Reached * piety under Sif Muna
  3855 | D:5      | Reached skill level 1 in Translocations
  3871 | D:5      | Reached XP level 7. HP: 31/36 MP: 1/18
  4129 | D:5      | Noticed Eustachio
  4283 | D:5      | Found Wysoig's Assorted Antiques.
  4294 | D:5      | Bought a peridot ring for 90 gold pieces
  4484 | D:5      | Killed Eustachio
  4484 | D:5      | Reached skill level 1 in Fighting
  5121 | D:6      | Learned a level 4 spell: Fulminant Prism
  5187 | D:6      | Reached XP level 8. HP: 21/45 MP: 9/19
  5385 | D:6      | Found a shimmering altar of Xom.
  5387 | D:6      | Found an opulent altar of Gozag.
  5460 | D:6      | Reached skill level 5 in Dodging
  5666 | D:6      | Found a radiant altar of Vehumet.
  5836 | D:6      | Found Pumuv's Book Shop.
  5975 | D:6      | Reached skill level 7 in Spellcasting
  6625 | D:3      | Paralysed by Grinder for 2 turns
  6630 | D:3      | Killed Grinder
  6711 | D:3      | Reached ** piety under Sif Muna
  7215 | D:7      | Reached XP level 9. HP: 52/52 MP: 10/21
  7319 | D:7      | Reached skill level 5 in Translocations
  7344 | D:7      | Got a bloodstained dagger
  7345 | D:7      | Identified the +1 dagger "Heytt" {venom, rPois Dex+3 SInv} (You found it on level 7 of the Dungeon)
  8184 | D:7      | Noticed Joseph
  8210 | D:7      | Killed Joseph
  8210 | D:7      | Reached skill level 5 in Fighting
  8210 | D:7      | Reached skill level 8 in Spellcasting
  8399 | D:6      | Found a white marble altar of Elyvilon.
  8399 | D:6      | Found a glowing silver altar of Zin.
  8446 | D:8      | Found a staircase to the Lair.
  8712 | D:8      | Noticed Grum
  8733 | D:8      | Slain by an orc warrior

Skill      XL: |  1  2  3  4  5  6  7  8  9 |
---------------+----------------------------+-----
Spellcasting   | 4 6 7 8 |  8.5
Conjurations   | 5 6 |  6.1
Hexes          | 1 5 6 |  6.1
Translocations | 2 4 5 |  5.0
Fighting       | 2 4 5 |  5.5
Dodging        | 4 6 7 |  7.4
Stealth        | |  2.4

Action                   |  1- 3 |  4- 6 |  7- 9 || total
-------------------------+-------+-------+-------++-------
Melee: Spear             |     8 |     1 |     7 ||    16
       Dagger            |       |       |     6 ||     6
 Cast: Magic Dart        |    78 |    92 |   210 ||   380
       Searing Ray       |     1 |    12 |    40 ||    53
       Dazzling Spray    |       |     1 |     8 ||     9
       Fulminant Prism   |       |       |    12 ||    12
       Iskenderun's Myst |       |       |     4 ||     4
       Force Lance       |       |       |     1 ||     1
  Use: Scroll            |       |       |    19 ||    19
       Potion            |       |       |     4 ||     4
 Stab: Sleeping          |     1 |       |       ||     1
  Eat: Chunk             |     2 |     7 |    15 ||    24
       Fruit             |       |       |     1 ||     1
Armor: Robe              |     6 |     1 |     8 ||    15
Dodge: Dodged            |    16 |    11 |   113 ||   140
